 Dungeon Crawl Stone Soup version 0.21-a0-351-g38363bb (webtiles) character file.

322 Dfrag the Firebug (level 6, -2/41 HPs)
             Began as a Demonspawn Fire Elementalist on Oct 10, 2017.
             Killed by divine providence
             ... invoked by an orc priest
              (14 damage)
             ... on level 4 of the Dungeon.
             The game lasted 00:04:30 (2857 turns).

Dfrag the Firebug (Demonspawn Fire Elementalist)    Turns: 2857, Time: 00:04:30

Health: -2/41      AC:  6    Str:  8    XL:     6   Next: 22%
Magic:  0/11       EV: 12    Int: 19    God:
Gold:   150        SH:  0    Dex: 13    Spells: 8/12 levels left

rFire    . . .     SeeInvis .   m - +4 club
rCold    . . .     Gourm    .   (no shield)
rNeg     + . .     Faith    .   a - +0 robe
rPois    .         Spirit   .   (helmet restricted)
rElec    .         Reflect  .   d - +0 cloak
rCorr    .         Harm     +   (no gloves)
MR       .....                  (no boots)
Stlth    ++........             p - amulet of harm
HPRegen  0.13/turn              k - ring of positive energy
MPRegen  0.12/turn              l - ring of flight

@: no status effects
A: antennae 1, yellow scales 2
a: Evoke Flight


You were on level 4 of the Dungeon.
You were hungry.

You visited 1 branch of the dungeon, and saw 4 of its levels.

You collected 150 gold pieces.

Inventory:

Hand Weapons
 m - a +4 club (weapon)
Armour
 a - a +0 robe (worn)
 d - a +0 cloak (worn)
Jewellery
 k - a ring of positive energy (left hand)
 l - a ring of flight (right hand)
 p - an amulet of harm (around neck)
Scrolls
 h - a scroll of fog {unknown}
 j - 2 scrolls of identify {unknown}
 n - 3 scrolls of recharging {unknown}
 r - a scroll of teleportation {unknown}
 s - a scroll of remove curse {unknown}
 v - a scroll of enchant armour {unknown}
 x - a scroll of random uselessness {unknown}
Potions
 e - 2 potions of degeneration {unknown}
 f - 2 potions of curing {unknown}
 i - 2 potions of resistance {unknown}
 o - a potion of agility {unknown}
 t - a potion of heal wounds {unknown}
 w - a potion of lignification {unknown}
Books
 b - a book of Flames

   Spells                             Type                      Level
   a - Flame Tongue                   Conjuration/Fire             1
   b - Throw Flame                    Conjuration/Fire             2
   c - Conjure Flame                  Conjuration/Fire             3
   d - Inner Flame                    Hexes/Fire                   3
   e - Sticky Flame                   Conjuration/Fire             4
   f - Fireball                       Conjuration/Fire             5
Comestibles
 c - 3 bread rations
 g - 3 royal jellies
 q - 4 meat rations
 u - 2 chunks of flesh


   Skills:
 - Level 1.7 Dodging
 - Level 1.7 Stealth
 + Level 3.8 Spellcasting
 + Level 3.7 Conjurations
 + Level 4.2 Fire Magic


You had 8 spell levels left.
You knew the following spells:

 Your Spells              Type           Power        Failure   Level  Hunger
a - Flame Tongue          Conj/Fire      ###..        2%          1    None
b - Conjure Flame         Conj/Fire      ###.....     9%          3    ###....


Dungeon Overview and Level Annotations

Branches:
Dungeon (4/15)
 Temple: D:4-7

Altars:
Nemelex Xobeh
Okawaru
Xom


Innate Abilities, Weirdness & Mutations

You have a pair of small antennae on your head.
You are mostly covered in yellow scales. (AC +3)


Message History

The hound closely misses you. The hound bites you.
* * * LOW HITPOINT WARNING * * *
Casting: Flame Tongue
Confirm with . or Enter, or press ? or * to list all spells.
Aiming: Flame Tongue
Press: ? - help, Shift-Dir - straight line, f/p - hound
Aim: a hound (severely wounded)
The flame tongue hits the hound.
The hound is severely wounded.
The hound misses you.
Casting: Flame Tongue
Confirm with . or Enter, or press ? or * to list all spells.
Aiming: Flame Tongue
Press: ? - help, Shift-Dir - straight line, f/p - hound
Aim: a hound (severely wounded)
The flame tongue hits the hound.
You kill the hound!
The orc priest mumbles some strange prayers to Beogh against you.
Beogh smites you!
You die...

######.###.#..#...##.##
#.###....##...#.#
#.........##.†#.#+
#######....###...###.
#.....)..8..... #
#....###...###. ...
#...## +#.#+
.....#####..## #.#{
.....^.@o...#{ ##.##{{
.....####...# ##...##
... #...####.....### #
#..o......o.....
#.......##..#.o.
#.......###.#.o.
#.....### #.....
###...# ####.# ##.#.
#.#


You could see an orc priest and an orc.

Vanquished Creatures
  A hound (D:4)
  An orc priest (D:4)
  A centaur skeleton (D:4)
  Jessica (D:2)
  A worker ant (D:4)
  9 adders
  An ooze (D:4)
  An adder skeleton (D:4)
  3 worms
  A dart slug (D:2)
  5 leopard geckos
  5 orcs
  A ball python (D:4)
  9 bats
  2 giant cockroaches (D:3)
  7 hobgoblins
  2 jackals (D:2)
  3 quokkas
  6 frilled lizards
  5 goblins
  13 kobolds
  7 rats
85 creatures vanquished.

Notes
Turn   | Place    | Note
-------+----------+-------------------------------------------
     0 | D:1      | Dfrag the Demonspawn Fire Elementalist began the quest for the Orb.
     0 | D:1      | Reached XP level 1. HP: 13/13 MP: 3/3
   146 | D:1      | Found a shimmering altar of Xom.
   204 | D:1      | Gained mutation: You are partially covered in yellow scales. (AC +2) [demonic ancestry]
   204 | D:1      | Reached XP level 2. HP: 19/19 MP: 1/5
   298 | D:1      | Reached skill level 3 in Fire Magic
   650 | D:1      | Reached XP level 3. HP: 8/24 MP: 0/6
   917 | D:2      | Found an iron altar of Okawaru.
  1119 | D:2      | Learned a level 3 spell: Conjure Flame
  1121 | D:2      | Noticed Jessica
  1259 | D:2      | Killed Jessica
  1259 | D:2      | Reached XP level 4. HP: 30/30 MP: 5/8
  2166 | D:3      | Gained mutation: You are mostly covered in yellow scales. (AC +3) [demonic ancestry]
  2166 | D:3      | Reached XP level 5. HP: 35/35 MP: 5/9
  2652 | D:4      | Found a sparkling altar of Nemelex Xobeh.
  2758 | D:4      | Reached skill level 4 in Fire Magic
  2827 | D:4      | Gained mutation: You have a pair of small antennae on your head. [demonic ancestry]
  2827 | D:4      | Reached XP level 6. HP: 15/41 MP: 1/11
  2857 | D:4      | Killed from afar by an orc priest

Vault maps used:
D:1:      evilmike_arrival_fibonacci_small, serial_park_tiny_2, xom_teletrap_fun
D:2:      nicolae_overflow_crystal_walls, st_stairs_12, uniq_jessica
D:4:      cheibrodos_barr_body, nemelex_xobeh_ov_fountains_minmay,
          grunt_decor_resistance, elyvilon_altar_1

Skill      XL: |  1  2  3  4  5 |
---------------+----------------+-----
Fire Magic     | 3 4 |  4.2
Conjurations   | 2 3 |  3.7
Spellcasting   | 3 |  3.8
Dodging        | |  1.7
Stealth        | |  1.7

Action                   |  1- 3 |  4- 6 || total
-------------------------+-------+-------++-------
Melee: Unarmed           |    74 |       ||    74
       Club              |       |    28 ||    28
 Cast: Flame Tongue      |    54 |    90 ||   144
 Stab: Sleeping          |       |     1 ||     1
  Eat: Chunk             |     2 |     4 ||     6
Armor: Robe              |    47 |    25 ||    72
Dodge: Dodged            |    84 |    54 ||   138

Table legend:
 A = Spawn XP
 B = Non-spawn XP
 C = Spawn XP percentage of total XP
 D = Spawn monster count
 E = Non-spawn monster count
 F = Spawn count percentage of total count
 G = Total turns spent on level
                    A         B        C        D         E        F      G
               +---------+---------+-------+---------+---------+-------+---------
         Total |       0 |     460 |   0.0 |       0 |      85 |   0.0 |  2857
               +---------+---------+-------+---------+---------+-------+---------
           D:1 |       0 |      50 |   0.0 |       0 |      26 |   0.0 |   891
           D:2 |       0 |     105 |   0.0 |       0 |      23 |   0.0 |   919
           D:3 |       0 |     104 |   0.0 |       0 |      23 |   0.0 |   821
           D:4 |       0 |     201 |   0.0 |       0 |      13 |   0.0 |   226
               +---------+---------+-------+---------+---------+-------+---------
